 Dungeon Crawl Stone Soup version 0.21.1-1-g345015f (webtiles) character file.

42 sking99 the Stinger (level 3, -2/19 HPs)
             Began as a Deep Elf Venom Mage on June 23, 2018.
             Slain by Robin
             ... wielding a +0 whip
              (4 damage)
             ... on level 1 of the Dungeon.
             The game lasted 00:06:41 (1599 turns).

sking99 the Stinger (Deep Elf Venom Mage)           Turns: 1599, Time: 00:06:41

Health: -2/19      AC:  3    Str:  5    XL:     3   Next: 33%
Magic:  4/10       EV: 13    Int: 20    God:
Gold:   64         SH:  0    Dex: 15    Spells: 3/9 levels left

rFire    . . .     SeeInvis .   q - -3 dagger (curse)
rCold    . . .     Gourm    .   (no shield)
rNeg     . . .     Faith    .   a - +0 robe
rPois    .         Spirit   .   h - +0 helmet
rElec    .         Reflect  .   (no cloak)
rCorr    .         Harm     .   (no gloves)
MR       .....                  (no boots)
Stlth    ++........             (no amulet)
HPRegen  0.06/turn              (no ring)
MPRegen  0.12/turn              (no ring)

@: no status effects
A: no striking features
a: no special abilities


You were on level 1 of the Dungeon.
You were not hungry.

You visited 1 branch of the dungeon, and saw 2 of its levels.

You collected 64 gold pieces.

Inventory:

Hand Weapons
 e - a +2 whip of pain
 q - a cursed -3 dagger (weapon)
Armour
 a - a +0 robe (worn)
 h - a +0 helmet (worn)
Scrolls
 j - a scroll of magic mapping {unknown}
 k - a scroll of amnesia
 l - a scroll of immolation {unknown}
 p - a scroll of identify {unknown}
Potions
 d - a potion of resistance {unknown}
 f - a potion of curing {unknown}
 g - a potion of berserk rage {unknown}
 i - 2 potions of lignification {unknown}
 n - a potion of degeneration {unknown}
 o - a potion of heal wounds {unknown}
Books
 b - a Young Poisoner's Handbook

   Spells                             Type                      Level
   a - Sting                          Conjuration/Poison           1
   b - Poisonous Vapours              Poison/Air                   2
   c - Mephitic Cloud                 Conjuration/Poison/Air       3
   d - Olgreb's Toxic Radiance        Poison                       4
   e - Venom Bolt                     Conjuration/Poison           5
Comestibles
 c - a ration
 m - a chunk of flesh


   Skills:
 - Level 2.4 Dodging
 - Level 2.4 Stealth
 + Level 3.7 Spellcasting
 + Level 2.0 Conjurations
 + Level 0.8 Air Magic
 * Level 3.9 Poison Magic


You had 3 spell levels left.
You knew the following spells:

 Your Spells              Type           Power        Failure   Level  Hunger
a - Sting                 Conj/Pois      ###.         3%          1    None
b - Poisonous Vapours     Pois/Air       ##....       8%          2    ##.....
c - Mephitic Cloud        Conj/Pois/Air  ##......     16%         3    ###....


Dungeon Overview and Level Annotations

Branches:
Dungeon (2/15)

Altars:

Annotations:
D:1 Robin


Message History

You kill the hobgoblin!
Casting: Poisonous Vapours
Confirm with . or Enter, or press ? or * to list all spells.
Aiming: Poisonous Vapours
Press: ? - help, Dir - move target cursor, f - Robin
Aim: Robin, wielding a whip, wearing an animal skin and wearing a helmet Poisonous vapours surround Robin!
Robin is engulfed in poison gas.
Robin is poisoned.
Casting: Poisonous Vapours
Confirm with . or Enter, or press ? or * to list all spells.
Okay, then.
There are no items here.
Casting: Poisonous Vapours
Confirm with . or Enter, or press ? or * to list all spells.
Aiming: Poisonous Vapours
Press: ? - help, Dir - move target cursor, f/p - Robin
Aim: Robin, wielding a whip, wearing an animal skin and wearing a helmet (moderately wounded, poisoned) Poisonous vapours surround Robin!
Robin is engulfed in poison gas.
Robin looks even sicker.
Robin hits you with a whip.
You die...

..P#.# ############ ..##.#
#........... ..##.# #...........
####.# #...........
####.########### #...........
...#...........#######...........
.....................)...>.......
...##..........#######...........
................@gK..).(.........
...##..........#######...........
...##................##.#.##.#'##
...##................##...##.#.##
...###########.......##...##.#...
...# #.......##...(...... ...#
#.......##....####.# ...#
#.......##.......... ...#
#)......####...###.#


You could see Robin and a kobold.

Vanquished Creatures
  2 dart slugs (D:1)
  A leopard gecko (D:1)
  2 bats (D:1)
  A giant cockroach (D:1)
  6 goblins (D:1)
  5 hobgoblins (D:1)
  4 jackals (D:1)
  10 frilled lizards (D:1)
  4 kobolds (D:1)
  2 rats (D:1)
37 creatures vanquished.

Notes
Turn   | Place    | Note
-------+----------+-------------------------------------------
     0 | D:1      | sking99 the Deep Elf Venom Mage began the quest for the Orb.
     0 | D:1      | Reached XP level 1. HP: 10/10 MP: 6/6
   392 | D:1      | Reached XP level 2. HP: 15/15 MP: 4/8
   547 | D:1      | Learned a level 2 spell: Poisonous Vapours
  1010 | D:1      | Reached XP level 3. HP: 19/19 MP: 0/10
  1230 | D:2      | Noticed Robin
  1437 | D:1      | Learned a level 3 spell: Mephitic Cloud
  1599 | D:1      | Slain by Robin

Skill      XL: |  1  2  3 |
---------------+----------+-----
Conjurations   | 2 |  2.0
Dodging        | |  2.4
Stealth        | |  2.4
Spellcasting   | |  3.7
Air Magic      | |  0.8
Poison Magic   | |  3.9

Action                   || total
-------------------------++-------
Melee: Unarmed           ||     1
       Dagger            ||     4
 Cast: Sting             ||    51
       Poisonous Vapours ||    16
  Use: Scroll            ||     1
  Eat: Chunk             ||     2
Armor: Robe              ||    13
Dodge: Dodged            ||    43
